 Dungeon Crawl Stone Soup version 0.29-a0-1006-g0dd7720b37 (webtiles) character file.

Game seed: 10652463810149576782

1977 RobertSmithOfTheCure the Cleaver (level 9, -1/63 (71) HPs)
             Began as a Hill Orc Fighter on Feb 16, 2021.
             Was an Initiate of Beogh.
             Killed from afar by Maggie (24 damage)
             ... with a bolt of fire
             ... on level 6 of the Dungeon on Aug 7, 2022.
             The game lasted 00:35:50 (6595 turns).

RobertSmithOfTheCure the Cleaver (Hill Orc Fighter) Turns: 6595, Time: 00:35:51

HP:   -1/63 (71)    AC: 12    Str: 19    XL:     9   Next: 20%
MP:   9/9           EV:  7    Int:  8    God:    Beogh [......]
Gold: 300           SH: 10    Dex: 20    Spells: 8/8 levels left

rFire   . . .      SeeInvis .   a - +0 war axe
rCold   . . .      Faith    .   c - +0 kite shield
rNeg    . . .      Spirit   .   b - +0 scale mail
rPois   .          Reflect  .   (no helmet)
rElec   .          Harm     .   n - +1 cloak {rCorr}
rCorr   +          Rampage  .   l - +1 pair of gloves
Will    .....                   f - +0 pair of boots
Stlth   ..........              (no amulet)
HPRegen 0.20/turn               j - ring of flight
MPRegen 0.11/turn               k - +6 ring of dexterity

@: about to teleport, flying, mesmerised, heavily drained
A: no striking features
a: Renounce Religion


You were on level 6 of the Dungeon.
You worshipped Beogh.
Beogh was noncommittal.
You visited 1 branch of the dungeon, and saw 6 of its levels.

You collected 300 gold pieces.

Inventory:

Hand Weapons
 a - a +0 war axe (weapon)
 q - a +0 hand axe of electrocution
 r - a +0 shortbow
Missiles
 g - 77 bolts
 p - 3 javelins
 t - 2 poisoned darts
Armour
 b - a +0 scale mail (worn)
 c - a +0 kite shield (worn)
 f - a +0 pair of boots (worn)
 l - a +1 pair of gloves (worn)
 n - a +1 cloak of preservation (worn)
Jewellery
 i - a ring of wizardry
 j - a ring of flight (left hand)
 k - a +6 ring of dexterity (right hand)
 s - a +6 ring of intelligence
 u - a ring of see invisible
Wands
 d - a wand of paralysis (3)
 o - a wand of polymorph (1) (quivered)
Scrolls
 e - 2 scrolls of teleportation
 m - 3 scrolls of identify
Potions
 h - 2 potions of flight


   Skills:
 - Level 3.8 Fighting
 + Level 14.8 Axes
 - Level 1.0 Throwing
 - Level 3.5 Armour
 - Level 0.1 Stealth
 - Level 3.4 Shields
 + Level 0.1 Evocations


You had 8 spell levels left.
You didn't know any spells.
Your spell library was empty.

Dungeon Overview and Level Annotations

Branches:
Dungeon (6/15)
 Temple: D:4-7

Altars:
Ashenzari
Cheibriados
Fedhas
Hepliaklqana
Makhleb
Okawaru
Qazlal
Vehumet
Wu Jian
Yredelemnul
Zin

Annotations:
D:6 Maggie


Message History

You feel drained.
You hit Maggie.
Maggie is lightly wounded.
You block Maggie's attack.
You hit Maggie.
Maggie is lightly wounded.
You block Maggie's attack.
The gnoll shouts!
You hit Maggie.
Maggie is moderately wounded.
You slash Maggie!
Maggie is moderately wounded.
Maggie barely misses you.
You hit Maggie.
Maggie is heavily wounded.
Maggie hits you with a +1 broad axe of draining.
You feel drained.
You hit Maggie.
Maggie is heavily wounded.
The gnoll closely misses you.
Maggie hits you with a +1 broad axe of draining.
You feel drained.
You barely miss Maggie.
Maggie is heavily wounded.
The gnoll shouts!
The gnoll hits you from afar with a +0 spear.
Maggie smiles, but it's obviously fake.
Maggie gestures at you while chanting. The bolt of fire misses you.
You hit Maggie but do no damage.
Maggie is heavily wounded.
You block the gnoll's attack.
Maggie hits you with a +1 broad axe of draining!
You feel drained.
As you read the scroll of teleportation, it crumbles to dust.
You feel strangely unstable. The gnoll hits you but does no damage.
Maggie shouts, "Leave me alone!"
Maggie casts a spell at you. The bolt of fire hits you!!
You die...

### ..######### ###
..#.......####.###
..#.#...#.##.....#
..........##.###.###
..#.#........#.....#
..#†##.##.##.#.#@#.#
..#.#####.###...@#.#
#.#.......# ##.#.g.#
#.######### #.###.#
#...# ..# #?# #.#
#...# ### #. #.#
#####...### # #. #@#
#.......... #
#....@!.5....... #
#.####.........


You could see Maggie (mesmerising) and a gnoll.

Vanquished Creatures
  Pikel (D:4)
  Grinder (D:5)
  A sky beast (D:6)
  2 ice beasts (D:5)
  An ogre (D:3)
  A lemure (D:4)
  A phantom (D:6)
  Blork the orc (D:5)
  A necrophage (D:5)
  4 scorpions
  A howler monkey (D:5)
  A hound (D:5)
  2 orc priests
  Ijyb (D:4)
  A gnoll bouda (D:6)
  Crazy Yiuf (D:2)
  Jessica (D:2)
  4 iguanas
  2 orc wizards (D:5)
  8 adders
  An ufetubus (D:4)
  3 endoplasms
  2 dart slugs (D:2)
  14 orcs
  4 removed leopard geckos
  6 bats
  7 giant cockroaches
  13 goblins
  7 hobgoblins
  A jackal (D:2)
  4 kobolds
  3 ball pythons
  3 frilled lizards
  11 rats
115 creatures vanquished.

Vanquished Creatures (others)
  11 plants (D:1)
11 creatures vanquished.

Grand Total: 126 creatures vanquished

Notes
Turn   | Place    | Note
-------+----------+-------------------------------------------
     0 | D:1      | RobertSmithOfTheCure the Hill Orc Fighter began the quest
                  | for the Orb.
     0 | D:1      | Reached XP level 1. HP: 19/19 MP: 1/1
    79 | D:1      | Reached XP level 2. HP: 23/27 MP: 2/2
   186 | D:1      | Reached skill level 3 in Axes
   594 | D:1      | Reached XP level 3. HP: 33/33 MP: 3/3
   734 | D:1      | Reached skill level 4 in Axes
  1619 | D:2      | Found a runed translucent door.
  1620 | D:2      | Noticed Crazy Yiuf
  1784 | D:2      | Noticed Jessica
  1788 | D:2      | Killed Jessica
  1789 | D:2      | Reached skill level 5 in Axes
  1789 | D:2      | Reached XP level 4. HP: 31/40 MP: 4/4
  2119 | D:2      | Killed Crazy Yiuf
  2365 | D:3      | Reached skill level 6 in Axes
  2402 | D:3      | Reached XP level 5. HP: 42/46 MP: 5/5
  2471 | D:3      | Noticed an ogre
  2480 | D:3      | Killed an ogre
  2481 | D:3      | Reached skill level 7 in Axes
  2599 | D:3      | Reached XP level 6. HP: 47/52 MP: 6/6
  2759 | D:3      | Found a snail-covered altar of Cheibriados.
  2766 | D:3      | Found a glowing silver altar of Zin.
  2774 | D:3      | Found a hazy altar of Hepliaklqana.
  2782 | D:3      | Found a stormy altar of Qazlal.
  2787 | D:3      | Found a blossoming altar of Fedhas.
  2794 | D:3      | Found a burning altar of Makhleb.
  2800 | D:3      | Found an iron altar of Okawaru.
  2979 | D:3      | Found a basalt altar of Yredelemnul.
  2981 | D:3      | Found a radiant altar of Vehumet.
  2984 | D:3      | Found an ornate altar of the Wu Jian Council.
  2987 | D:3      | Found a broken altar of Ashenzari.
  3294 | D:3      | Upgraded the game from 0.27-a0-366-g8badd94918 to
                  | 0.29-a0-998-g1987434951
  3654 | D:4      | Noticed Pikel
  3655 | D:4      | Noticed Ijyb
  3769 | D:4      | Killed Ijyb
  3770 | D:4      | Reached skill level 8 in Axes
  4018 | D:4      | Upgraded the game from 0.29-a0-998-g1987434951 to
                  | 0.29-a0-1006-g0dd7720b37
  4027 | D:4      | Killed Pikel
  4028 | D:4      | Reached skill level 11 in Axes
  4028 | D:4      | Reached XP level 7. HP: 41/58 MP: 7/7
  4645 | D:5      | Entered Level 5 of the Dungeon
  4675 | D:5      | Reached XP level 8. HP: 66/66 MP: 8/8
  4800 | D:5      | Noticed Grinder
  4802 | D:5      | Reached skill level 12 in Axes
  4807 | D:5      | Noticed Blork the orc
  5265 | D:5      | Reached skill level 13 in Axes
  5598 | D:5      | Killed Blork the orc
  5600 | D:5      | Became a worshipper of Beogh the Brigand
  5614 | D:5      | Killed Grinder
  5621 | D:5      | Reached skill level 14 in Axes
  5628 | D:5      | Reached XP level 9. HP: 71/71 MP: 9/9
  5991 | D:6      | Reached skill level 1 in Throwing
  6222 | D:6      | Noticed Maggie
  6595 | D:6      | Killed from afar by Maggie

Illustrated notes

Levels and vault maps discovered:
D:1:      dpeg_arrival_shrine, layout_loops_ring, serial_bayou,
          serial_bayou_pond_a, serial_bayou_lagoon_a, serial_bayou_pond_e,
          serial_bayou_pond_e, serial_bayou_pond_c
D:2:      layout_loops_cross, minmay_puff, uniq_jessica, uniq_crazy_yiuf_cottage
D:3:      layout_basic, grunt_temple_overflow_octagram, minitemple,
          minmay_ogre_servants
D:4:      layout_cave_pods, uniq_pikel, uniq_ijyb
D:5:      minmay_diamond_boxcup, layout_basic, minivault_4, uniq_grinder,
          uniq_blork_the_orc
D:6:      layout_loops_cross, lemuel_crystal_altar, minmay_temple_entry_trees,
          serial_shops, nicolae_shop_trees, minmay_joined_circles, uniq_maggie

Skill      XL: |  1  2  3  4  5  6  7  8  9 |
---------------+----------------------------+-----
Axes           | 3 5 6 7 11 14 | 14.8
Throwing       | 1 |  1.0
Fighting       | |  3.8
Armour         | |  3.5
Stealth        | |  0.1
Shields        | |  3.4
Evocations     | |  0.1

Action                   |  1- 3 |  4- 6 |  7- 9 || total
-------------------------+-------+-------+-------++-------
Melee: War axe           |    86 |   120 |   168 ||   374
Throw: Dart              |       |       |     4 ||     4
       Javelin           |       |       |     4 ||     4
Invok: Convert to Beogh  |       |       |     1 ||     1
Evoke: Wand              |       |       |     5 ||     5
  Use: Scroll            |     4 |     4 |     6 ||    14
       Potion            |       |     5 |     6 ||    11
Armor: Scale mail        |    40 |    65 |    86 ||   191
       Skin              |       |       |     5 ||     5
Dodge: Dodged            |    27 |    26 |    50 ||   103
Block: Kite shield       |    41 |    54 |    82 ||   177

Table legend: (Time is in decaauts)
 A = Elapsed time spent in this place.
 B = Non-inter-level travel time spent in this place.
 C = Inter-level travel time spent in this place.
 D = Time resting spent in this place.
 E = Time spent auto-exploring this place.
 F = Levels seen in this place.
 G = Mean time per level.
                   A        B        C        D        E       F      G
               +--------+--------+--------+--------+--------+-----+--------+
         Total |   6684 |   6634 |     50 |   1073 |   3980 |   6 | 1114.0 |
       Dungeon |   6684 |   6634 |     50 |   1073 |   3980 |   6 | 1114.0 |
               +--------+--------+--------+--------+--------+-----+--------+

Top non-repeatable levels by time:
     D:5: 1339 daAuts
     D:1: 1283 daAuts
     D:4: 1201 daAuts
     D:3: 1135 daAuts
     D:2: 1117 daAuts
     D:6: 608 daAuts
